Map: Frostline LE

Players

SKillous

  • Race: Protoss Protoss
  • League: Grandmaster
  • Spawn Location: 7:00

BattleB - Winner!

  • Race: Terran Terran
  • League: Grandmaster
  • Spawn Location: 1:00

Event: HomeStory Cup XXVI

VOD

Have the link to the VOD?

Description

Time

  • Played on: Nov. 29, 2024, 9:22 a.m.
  • Length: 15:44

All games in this series

Show
View Real Time Build Order
Export as new Build Order

SKillous Protoss 

Build Orders: Chargelot Immortal 

Get SALT Encoding   

  12  0:00  Probe  
  13  0:12  Probe  
  14  0:18  Pylon  
  14  0:24  Probe  
  15  0:36  Probe  
  15  0:39  Gateway  
  16  0:48  Probe  
  17  0:51  Pylon  
  17  0:57  Assimilator  
  17  1:00  Probe  
  18  1:10  Gateway  
  18  1:13  Probe  
  19  1:25  Probe  
  19  1:28  Cybernetics Core  
  20  1:33  Zealot  
  22  1:53  Stalker  
  22  1:56  Adept  
  26  2:12  Warp Gate  
  26  2:17  Stalker  
  26  2:19  Nexus  
  28  2:31  Probe  
  29  2:44  Probe  
  30  2:46  Adept  
  30  2:50  Pylon  
  30  2:56  Probe  
  31  3:00  Assimilator  
  31  3:06  Stalker  
  31  3:09  Probe  
  34  3:18  Probe  
  34  3:26  Probe  
  35  3:32  Probe  
  36  3:37  Probe  
  36  3:40  Probe  
  36  3:41  Twilight Council  
  39  3:49  Probe  
  39  3:50  Probe  
  39  3:53  Gateway  
  41  4:00  Blink  
  41  4:01  Probe  
  41  4:02  Probe  
  43  4:03  Stalker x2  
  43  4:07  Pylon  
  47  4:13  Probe  
  47  4:15  Probe  
  49  4:25  Probe  
  49  4:27  Probe  
  49  4:33  Assimilator  
  49  4:37  Probe  
  50  4:39  Probe  
  50  4:45  Stalker x2  
  55  4:50  Probe  
  55  4:51  Probe  
  57  4:55  Pylon, Phoenix  
  57  4:56  Robotics Facility  
  57  5:01  Stalker  
  57  5:02  Probe  
  60  5:11  Nexus  
  60  5:13  Pylon  
  60  5:15  Sentry, Probe x2  
  64  5:27  Probe x2  
  66  5:31  Forge  
  66  5:35  Immortal  
  66  5:39  Probe x2  
  72  5:50  Sentry  
  72  5:51  Pylon, Probe x2  
  72  5:53  Pylon  
  76  6:01  Charge  
  76  6:02  Gateway  
  76  6:03  Probe x2  
  78  6:04  Gateway  
  78  6:05  Protoss Ground Weapons Level 1  
  78  6:15  Probe x2  
  78  6:16  Immortal  
  80  6:27  Probe, Pylon  
  80  6:28  Sentry  
  80  6:29  Shield Battery, Probe x2  
  89  6:33  Stalker  
  89  6:36  Zealot  
  94  6:40  Pylon  
  94  6:44  Pylon  
  93  6:48  Warp Prism  
  93  6:52  Probe  
  92  6:58  Gateway  
  92  7:00  Gateway, Sentry  
  96  7:01  Gateway  
  96  7:05  Probe x2  
  96  7:06  Pylon  
  98  7:12  Zealot x3  
  104  7:16  Immortal  
  104  7:25  Gateway  
  104  7:27  Pylon  
  108  7:36  Stalker x4  
  104  7:51  Immortal  
  104  7:55  Zealot x2  
  110  7:59  Zealot x5  
  120  8:06  Pylon  
  120  8:09  Gateway  
  114  8:18  Zealot x2  
  115  8:21  Protoss Ground Weapons Level 2  
  103  8:28  Zealot x6  
  103  8:29  Observer  
  113  8:36  Nexus  
  110  8:42  Pylon x2  
  104  9:01  Zealot x5  
  106  9:07  Pylon  
  106  9:10  Probe  
  106  9:12  Probe  
  106  9:15  Pylon  
  102  9:22  Probe  
  102  9:23  Robotics Bay  
  97  9:26  Observer  
  96  9:32  Shield Battery  
  96  9:37  Pylon  
  96  9:38  Probe x2  
  97  9:41  Robotics Facility  
  97  9:45  Probe  
  98  9:50  Probe x2  
  101  9:53  Zealot x3  
  101  9:54  Probe  
  106  10:00  Dark Shrine  
  106  10:03  Probe  
  106  10:04  Observer  
  108  10:09  Disruptor  
  108  10:11  Zealot x2  
  108  10:12  Assimilator  
  115  10:16  Zealot x2  
  115  10:21  Zealot x2  
  123  10:31  Zealot x2  
  123  10:32  Zealot x2  
  115  10:35  Disruptor  
  115  10:38  Disruptor  
  115  10:42  Zealot x3  
  109  10:45  Zealot  
  97  10:52  Zealot x2  
  97  10:56  Assimilator  
  99  10:57  Sentry  
  99  11:00  Probe  
  102  11:08  Zealot x3  
  108  11:14  Dark Templar  
  114  11:22  Zealot x4  
  103  11:28  Dark Templar  
  103  11:31  Disruptor  
  97  11:36  Zealot x2  
  97  11:37  Protoss Ground Weapons Level 3  
  91  11:43  Zealot x4  
  89  12:00  Disruptor, Stalker x3  
  98  12:08  Stalker x3  
  104  12:18  Zealot x2  
  94  12:24  Stalker x3  
  94  12:27  Probe x2  
  94  12:28  Disruptor  
  102  12:36  Zealot x2  
  110  12:40  Zealot x2  
  114  12:54  Nexus  
  112  12:58  Stalker  
  112  12:59  Stalker  
  112  13:04  Stalker  
  116  13:06  Sentry  
  122  13:18  Stalker x2  
  122  13:19  Stalker  
  112  13:33  Zealot x3, Dark Templar  
  112  13:34  Zealot  
  100  13:46  Nexus  
  93  13:52  Robotics Facility  
  89  14:17  Stalker  
  89  14:18  Stalker x3  
  89  14:19  Sentry  
Show
View Real Time Build Order
Export as new Build Order

BattleB Terran - Winner!

Build Orders: Reaper Expand 

Get SALT Encoding   

  12  0:00  SCV  
  13  0:12  SCV  
  14  0:17  Supply Depot  
  14  0:24  SCV  
  15  0:39  SCV  
  15  0:40  Barracks  
  16  0:44  Refinery  
  16  0:51  SCV  
  17  1:03  SCV  
  18  1:15  SCV  
  19  1:27  Orbital Command, Reaper  
  20  1:43  Command Center  
  20  1:49  Supply Depot  
  20  1:53  SCV  
  21  1:59  Marine  
  22  2:05  SCV  
  22  2:07  Factory  
  23  2:17  SCV, Bunker  
  23  2:19  Marine  
  23  2:22  Refinery  
  25  2:29  SCV  
  25  2:37  Marine  
  25  2:41  SCV  
  28  2:51  Hellion  
  28  2:53  Starport  
  28  2:57  SCV  
  28  2:58  Barracks Reactor  
  29  3:04  Orbital Command  
  29  3:12  SCV  
  30  3:15  Widow Mine  
  32  3:25  SCV  
  33  3:29  Medivac  
  33  3:31  SCV  
  33  3:32  Supply Depot  
  36  3:38  SCV, Marine  
  36  3:39  Marine  
  36  3:40  Factory Tech Lab  
  39  3:43  SCV  
  40  3:50  SCV  
  40  3:55  SCV  
  42  3:56  Marine x2  
  44  4:03  SCV, Barracks  
  44  4:04  Refinery  
  44  4:07  SCV, Siege Tank  
  49  4:14  Marine x2  
  49  4:16  SCV  
  52  4:19  SCV  
  52  4:25  Starport Tech Lab  
  52  4:29  Barracks  
  52  4:31  SCV  
  53  4:32  SCV  
  53  4:37  Supply Depot  
  53  4:38  Marine x2  
  54  4:43  Siege Tank  
  54  4:45  SCV x2  
  59  4:56  Marine x2  
  61  5:00  SCV x2  
  61  5:01  Supply Depot, Stimpack  
  61  5:04  Marauder  
  65  5:11  Engineering Bay  
  65  5:12  SCV  
  67  5:14  SCV  
  67  5:15  Marine  
  67  5:16  Marine  
  67  5:20  Starport Reactor  
  69  5:23  Factory Reactor  
  69  5:25  SCV  
  69  5:26  SCV  
  69  5:27  Combat Shield  
  71  5:32  Marauder  
  73  5:36  Refinery  
  73  5:39  Supply Depot  
  73  5:40  Terran Infantry Weapons Level 1  
  73  5:42  SCV  
  74  5:44  Marine x2  
  74  5:47  SCV  
  77  5:56  Supply Depot  
  78  6:01  Marauder x2  
  78  6:02  Supply Depot, Medivac  
  78  6:03  Medivac  
  85  6:07  Marine  
  86  6:17  Marine  
  86  6:18  Widow Mine x2  
  91  6:19  Supply Depot  
  91  6:26  Supply Depot  
  91  6:28  Marine, Marauder x2  
  96  6:35  Marine  
  96  6:38  Command Center  
  96  6:39  Medivac x2  
  101  6:42  SCV x2  
  101  6:45  Widow Mine x2  
  107  6:50  Marine, Marauder  
  107  6:52  Concussive Shells  
  107  6:53  Supply Depot  
  110  6:55  Supply Depot  
  110  6:57  Marine x2  
  112  7:06  Barracks  
  112  7:07  SCV x2  
  114  7:09  Barracks  
  114  7:11  Marine  
  114  7:12  Marauder  
  114  7:15  Marine  
  118  7:17  Marine  
  119  7:23  SCV x2  
  119  7:29  Marine  
  122  7:33  Medivac x2  
  122  7:34  Marine, Marauder, Widow Mine x2, Terran Infantry Armor Level 1  
  127  7:39  SCV  
  127  7:40  SCV, Marine  
  129  7:47  Marine  
  130  7:51  Supply Depot x2  
  130  7:52  Marine  
  130  7:54  SCV x2  
  130  7:56  Marauder  
  130  7:58  Marauder  
  133  7:59  Barracks Tech Lab, Barracks Reactor  
  132  8:06  SCV x2, Marine  
  132  8:09  Marine  
  125  8:17  Marauder  
  125  8:18  SCV x2  
  125  8:19  Marine  
  126  8:21  Marine  
  126  8:23  Viking x2  
  126  8:24  Marine  
  126  8:25  Orbital Command  
  129  8:30  SCV, Marine  
  129  8:34  SCV  
  126  8:37  Ghost Academy  
  126  8:46  Marine x3  
  126  8:47  Marauder x2  
  133  8:51  Marine, Widow Mine x2  
  133  8:52  Marine  
  139  8:57  SCV x2  
  134  9:04  Marine x2  
  134  9:08  Marine, Marauder x2  
  134  9:09  Marine  
  142  9:10  Marine  
  137  9:19  Widow Mine x2  
  136  9:28  Ghost  
  136  9:29  Ghost x2  
  144  9:33  Marine x3, Engineering Bay, Armory  
  144  9:36  SCV x2, Bunker  
  144  9:37  SCV  
  149  9:44  Viking x2  
  153  9:50  Supply Depot, Marine  
  153  9:51  Supply Depot  
  154  9:58  Ghost x2  
  159  10:02  Ghost  
  162  10:07  Marine x3  
  162  10:08  Refinery x2  
  162  10:13  Marine, Widow Mine x2  
  170  10:17  Supply Depot x2  
  169  10:27  Marine, Marauder  
  171  10:29  Command Center  
  165  10:39  Marine  
  165  10:40  Marine x2, Marauder  
  165  10:41  Marauder  
  159  10:44  Marine  
  159  10:49  Marauder  
  151  10:55  Barracks x2  
  151  10:56  Barracks  
  149  10:57  Marine  
  149  10:58  Marine  
  149  10:59  SCV x3  
  149  11:00  Supply Depot  
  149  11:03  Terran Infantry Weapons Level 2  
  154  11:05  Terran Infantry Armor Level 2  
  154  11:06  Marine  
  154  11:09  Marine  
  154  11:11  Marine  
  156  11:12  Marine  
  156  11:13  Marine  
  156  11:15  Marine  
  158  11:22  Marine  
  158  11:24  Marine  
  143  11:27  Marine  
  143  11:29  Marauder  
  143  11:31  Marine, Marauder  
  145  11:33  Marine  
  145  11:39  Marine  
  133  11:42  Marine  
  133  11:44  SCV  
  133  11:45  Marine x4  
  127  11:50  Marine, Marauder  
  127  11:51  Marauder  
  127  11:52  Marauder  
  126  11:55  SCV x2  
  126  11:56  SCV  
  126  11:57  Marine  
  126  12:00  Marine  
  131  12:02  Marine  
  131  12:04  Marine x2  
  131  12:07  SCV  
  134  12:11  Marine x2, Marauder  
  134  12:12  Marauder  
  134  12:13  Marauder  
  142  12:16  Missile Turret  
  142  12:17  Marine  
  142  12:20  Marine  
  142  12:21  Marine  
  142  12:22  Marine x2  
  135  12:24  SCV  
  135  12:28  Planetary Fortress  
  136  12:32  Marauder  
  136  12:33  Marauder  
  136  12:35  Marauder  
  142  12:43  Barracks Tech Lab x2, Marine x2, Barracks Reactor  
  143  12:45  Widow Mine  
  143  12:46  Widow Mine  
  143  12:51  Medivac x2  
  148  12:53  Ghost  
  148  12:54  Ghost  
  148  12:57  Ghost  
  157  13:00  Marine x2  
  157  13:02  Marine  
  157  13:03  Marine x2  
  157  13:04  Marauder  
  161  13:08  Command Center  
  161  13:18  Marine x2  
  161  13:20  Marine x3  
  161  13:21  Marine, Ghost  
  161  13:22  Marauder  
  161  13:23  Marauder  
  161  13:25  Marine x2  
  172  13:32  Fusion Core  
  168  13:36  Marine x2  
  168  13:39  Marine  
  162  13:42  Marine x2  
  162  13:43  Marine, Marauder x2  
  162  13:44  Marauder  
  162  13:45  Marauder  
  141  13:50  Marine  
  141  13:54  Medivac x2  
  146  14:01  Marine, Widow Mine  
  146  14:02  Marine x5, Widow Mine  
  148  14:04  Marauder  
  148  14:06  Marine  
  148  14:07  Marauder  
  148  14:09  Marine  
  154  14:10  Marauder  
  155  14:19  Marine x4  
  155  14:20  Marine  
  155  14:21  Marine  
  161  14:25  Marauder  
  161  14:26  Marauder  
  161  14:28  Marauder x2  
  161  14:31  Marine  
  167  14:37  Marine x4  
  167  14:46  Marauder  
  167  14:47  Marauder  
Tags
 
Add a new tag
Caveats
  • Supply blocks, unpowered buildings, or Contaminate may cause inaccurate times.
  • Supply counts are checked every 10 seconds.